 Dungeon Crawl Stone Soup version 0.30-a0-652-gcc886f7154 (webtiles) character file.

Game seed: 3664472737876862352

21 Leeroy the Slasher (level 2, 0/17 HPs)
             Began as a Tengu Warper on Jan 17, 2023.
             Succumbed to a goblin's poison
             ... on level 1 of the Dungeon.
             The game lasted 00:00:47 (673 turns).

Leeroy the Slasher (Tengu Warper)                    Turns: 673, Time: 00:00:47

Health: 0/17       AC:  7    Str: 11    XL:     2   Next: 83%
Magic:  6/6        EV: 11    Int: 13    God:
Gold:   82         SH:  0    Dex: 13    Spells: 5/5 levels left

rFire   . . .      SeeInvis .    a - +0 falchion
rCold   . . .      Faith    .    (no shield)
rNeg    . . .      Spirit   .    b - +0 leather armour
rPois   .          Reflect  .    (helmet restricted)
rElec   .          Harm     .    (no cloak)
rCorr   .          Rampage  .    (no gloves)
Will    .....                    (boots unavailable)
Stlth   +                        (no amulet)
HPRegen 0.22/turn                j - +4 ring of protection
MPRegen 0.10/turn                (no ring)

@: lethally poisoned (0 -> -13)
A: beak, talons 3
a: no special abilities


You were on level 1 of the Dungeon.
You visited 1 branch of the dungeon, and saw 2 of its levels.

You collected 82 gold pieces.

Inventory:

Hand Weapons
 a - a +0 falchion (weapon)
Missiles
 d - 7 boomerangs of dispersal (quivered)
Armour
 b - a +0 leather armour (worn)
Jewellery
 j - a +4 ring of protection (left hand)
Scrolls
 c - a scroll of blinking
 g - a scroll of identify {unknown}
 k - a scroll of fog {unknown}
 l - a scroll of teleportation {unknown}
Potions
 e - a potion of degeneration {unknown}
 f - 2 potions of attraction {unknown}
 h - a potion of resistance {unknown}
 i - a potion of might {unknown}


   Skills:
 - Level 2.0 Fighting
 + Level 3.6 Long Blades
 - Level 1.0 Throwing
 - Level 1.1 Armour
 - Level 2.1 Dodging
 - Level 2.0 Spellcasting
 - Level 2.4 Translocations


You had 5 spell levels left.
You didn't know any spells.
Your spell library contained the following spells:

 Spells                   Type           Power      Damage    Failure   Level
 Blink                    Tloc           14%        N/A       19%         2
 Lesser Beckoning         Tloc           14%        N/A       19%         2
 Teleport Other           Tloc           7%         N/A       36%         3
 Vhi's Electric Charge    Tloc/Air       8%         N/A       52%         3
 Ignite Poison            Fire/Tmut/Pois 1%         N/A       69%         3
 Manifold Assault         Tloc           7%         N/A       77%         4
 Sticky Flame             Conj/Fire      1%         2d3       97%         4
 Ignition                 Fire           0%         3d3       100%        8


Dungeon Overview and Level Annotations

Branches:
Dungeon (2/15)

Altars:


Innate Abilities, Weirdness & Mutations

You have a beak for a mouth.
You have claws for feet.


Message History

The worm is lightly wounded.
You barely miss the worm. You claw the worm.
The worm is heavily wounded.
The worm bites you.
You barely miss the worm. You claw the worm.
The worm is severely wounded.
You hit the worm.
The worm is almost dead.
The worm misses you.
A goblin comes into view. It is wielding a +1 dagger of venom.
The goblin shouts!
You slash the worm!
You kill the worm!
An endoplasm and a rat come into view.
An orc comes into view. It is wielding a +0 hand axe.
The endoplasm moves out of view.
You see here a worm corpse.
Found a spear.
The orc shouts!
You hear a shout! x3
An orc comes into view. It is wielding a +0 club.
The goblin hits you with a +1 dagger of venom.
You are poisoned.
You hit the goblin but do no damage.
You feel very sick.
A giant cockroach comes into view.
The goblin closely misses you.
An orc priest comes into view. It is wielding a +0 flail.
The goblin attacks as you move away! The goblin closely misses you.
You feel sick.
You feel sick. The goblin attacks as you move away!
The goblin hits you but does no damage.
You feel sick.
There is a stone staircase leading up here.
You feel sick.
The goblin hits you with a +1 dagger of venom.
* * * LOW HITPOINT WARNING * * *
You are lethally poisoned!
The giant cockroach waves its antennae.
You climb upwards.
You die...

.#..รท#..#..#..# #..##
..#.#)..###...# #...#
...#..)#...#..# #...#
#..#..#.....#.# #...#
.#####........###
##.##
#..#..#.....#...# #.#
...#...#...#..#.# #.#
..#.#...###...#.####.#
.#...#..#..#...g@....#
#.....###...#.######.#
#.....#..#....######.#
#.....#...#..........#
.#...#.#......########
..#.#...#.....#
..............#
......#########
#######


You could see a goblin.

Vanquished Creatures
  A worm (D:2)
  2 endoplasms (D:1)
  2 hobgoblins (D:1)
  2 jackals (D:1)
  3 ball pythons (D:1)
  2 bats (D:1)
  2 frilled lizards (D:1)
  2 goblins (D:1)
  3 rats (D:1)
19 creatures vanquished.

Notes
Turn   | Place    | Note
-------+----------+-------------------------------------------
     0 | D:1      | Leeroy the Tengu Warper began the quest for the Orb.
     0 | D:1      | Reached XP level 1. HP: 12/12 MP: 4/4
    42 | D:1      | Found a faded altar of an unknown god.
   180 | D:1      | Reached XP level 2. HP: 14/17 MP: 6/6
   182 | D:1      | Reached skill level 3 in Long Blades
   673 | D:1      | Succumbed to a goblin's poison

Illustrated notes

Levels and vault maps discovered:
D:1:      scummos_arrival_simple_crosswalls, layout_loops_ring,
          chequers_ecumenical_altar_simple_redux, minmay_splitting_lines
D:2:      layout_basic

Skill      XL: |  1  2 |
---------------+-------+-----
Long Blades    | 3 |  3.6
Fighting       | |  2.0
Throwing       | |  1.0
Armour         | |  1.1
Dodging        | |  2.1
Spellcasting   | |  2.0
Translocations | |  2.4

Action                   || total
-------------------------++-------
Melee: Falchion          ||    40
       Kick              ||     8
       Peck              ||     3
Armor: Leather armour    ||    11
Dodge: Dodged            ||    20

Table legend: (Time is in decaauts)
 A = Elapsed time spent in this place.
 B = Non-inter-level travel time spent in this place.
 C = Inter-level travel time spent in this place.
 D = Time resting spent in this place.
 E = Time spent auto-exploring this place.
 F = Levels seen in this place.
 G = Mean time per level.
                   A        B        C        D        E       F      G
               +--------+--------+--------+--------+--------+-----+--------+
         Total |    678 |    614 |     64 |      0 |    494 |   2 |  339.0 |
       Dungeon |    678 |    614 |     64 |      0 |    494 |   2 |  339.0 |
               +--------+--------+--------+--------+--------+-----+--------+

Top non-repeatable levels by time:
     D:1: 663 daAuts
     D:2: 14 daAuts
